 Dungeon Crawl Stone Soup version 0.23.1 (webtiles) character file.

Game seed: 0

15368728 dvd the Gnoll Blade (level 27, 283/283 HPs)
             Began as a Gnoll Skald on Feb 25, 2019.
             Was the Champion of Ashenzari.
             Escaped with the Orb
             ... and 14 runes on Mar 2, 2019!
             The game lasted 11:07:22 (88755 turns).

dvd the Gnoll Blade (Gnoll Skald)                  Turns: 88755, Time: 11:07:23

Health: 283/283    AC: 29    Str: 22      XL:     27
Magic:  54/54      EV: 42    Int: 25      God:    Ashenzari [******]
Gold:   7116       SH: 43    Dex: 32 (33) Spells: 4/72 levels left

rFire    + + .     SeeInvis +   E - +8 trident of the Octopus King {venom, rElec rPois MR+} (curse)
rCold    + + .     Gourm    .   x - +8 large shield {rN+} (curse)
rNeg     + + +     Faith    .   U - +7 faerie dragon scales {rCorr MP+9 Str+3 Int+4} (curse)
rPois    +         Spirit   +   b - +2 hat of the Bear Spirit {Spirit, +Rage rN+ MR++} (curse)
rElec    +         Reflect  +   z - +2 cloak {rC+} (curse)
rCorr    +         Harm     .   B - +0 pair of gloves of Qoteci {MR+ Str+2 Dex+4 SInv} (curse)
MR       +++++     Clarity  +   j - +2 pair of boots of the Shoals {*Contam rElec Regen+ Dex+8} (curse) Stlth ++++......Rnd*Tele +
                                L - brooch of Shielding {Reflect SH+8} (curse)
HPRegen  1.37/turn              r - ring of Hamn {rF+ rC+ rN+} (curse)
MPRegen  0.34/turn              I - ring "Goj Vaz" {rF+ MR+ EV+3 Dex+4} (curse)

@: studying 4 skills
A: distributed training, claws 1, fangs 1, horns 1, berserk 1, blurry vision 3,
clumsy 1, deformed body, deterioration 2, low mp 1, regeneration 1, robust 2,
shaggy fur 1, teleportitis 1, evolution 1, subdued magic 1, MP-powered wands,
strong nose
0: Orb of Zot
}: 14/15 runes: serpentine, barnacled, slimy, silver, iron, obsidian, icy, bone,
abyssal, demonic, glowing, magical, fiery, dark
a: Curse Item, Scrying, Renounce Religion, Evoke Berserk Rage


You escaped.
You worshipped Ashenzari.
Ashenzari was exalted by your worship.
You were not hungry.

You visited 17 branches of the dungeon, and saw 87 of its levels.
You visited Pandemonium 1 time, and saw 19 of its levels.
You visited the Abyss 4 times.
You also visited: Sewer, Ossuary, Gauntlet and Ice Cave.

You collected 16254 gold pieces.
You spent 9138 gold pieces at shops.

Inventory:

Hand Weapons
 g - the +7 sceptre of Asmodeus
   (You took it off Asmodeus on level 7 of Gehenna)
 E - the cursed +8 trident of the Octopus King (weapon) {venom, rElec rPois MR+}
   (You bought it in a shop on level 1 of the Depths)

   It poisons the flesh of those it strikes.
   It insulates you from electricity.
   It protects you from poison.
   It affects your resistance to hostile enchantments.
   It has a curse placed upon it.
Missiles
 O - 14 javelins of penetration (quivered)
 Y - 7 steel javelins
Armour
 b - the cursed +2 hat of the Bear Spirit (worn) {Spirit, +Rage rN+ MR++}
   (You bought it in a shop on level 1 of the Depths)

   It protects you from negative energy.
   It affects your resistance to hostile enchantments.
   It lets you go berserk.
   It has a curse placed upon it.
 j - the cursed +2 pair of boots of the Shoals (worn) {*Contam rElec Regen+ Dex+8}
   (You bought it in a shop on level 1 of the Depths)

   It affects your dexterity (+8).
   It insulates you from electricity.
   It causes magical contamination when unequipped.
   It increases your rate of regeneration.
   It has a curse placed upon it.
 x - a cursed +8 large shield of positive energy (worn)
 z - a cursed +2 cloak of cold resistance (worn)
 B - the cursed +0 pair of gloves of Qoteci (worn) {MR+ Str+2 Dex+4 SInv}
   (You found it on level 5 of the Pits of Slime)

   It affects your strength (+2).
   It affects your dexterity (+4).
   It affects your resistance to hostile enchantments.
   It lets you see invisible.
   It has a curse placed upon it.
 U - the cursed +7 faerie dragon scales (worn) {rCorr MP+9 Str+3 Int+4}
   (You took it off the Enchantress on level 1 of the Depths)

   It affects your strength (+3).
   It affects your intelligence (+4).
   It affects your magic capacity (+9).
   It provides partial protection from all sources of acid and corrosion.
   It has a curse placed upon it.
Jewellery
 e - the amulet of the Four Winds {rN+ MR+++ Clar}
   (You took it off Asmodeus on level 7 of Gehenna)

   [amulet of nothing]

   It protects you from negative energy.
   It affects your resistance to hostile enchantments.
   It protects you against confusion.
 r - the cursed ring of Hamn (left hand) {rF+ rC+ rN+}
   (You bought it in a shop on level 3 of the Elven Halls)

   [ring of protection from cold]

   It protects you from fire.
   It protects you from cold.
   It protects you from negative energy.
   It has a curse placed upon it.
 I - the cursed ring "Goj Vaz" (right hand) {rF+ MR+ EV+3 Dex+4}
   (You acquired it on level 1 of the Depths)

   [ring of evasion]

   It affects your evasion (+3).
   It affects your dexterity (+4).
   It protects you from fire.
   It affects your resistance to hostile enchantments.
   It has a curse placed upon it.
 L - the cursed brooch of Shielding (around neck) {Reflect SH+8}
   (You found it on level 5 of the Vaults)

   [amulet of reflection]

   It shields you and reflects attacks.
   It affects your SH (+8).
   It has a curse placed upon it.
Wands
 a - a wand of iceblast (68)
 A - a wand of clouds (6)
 C - a wand of acid (44)
 K - a wand of enslavement (36)
 N - a wand of paralysis (56)
 P - a wand of digging (23)
 R - a wand of flame (151)
 W - a wand of disintegration (7)
 X - a wand of random effects (117)
Scrolls
 h - 7 scrolls of magic mapping
 i - 9 scrolls of fear
 k - 10 scrolls of blinking
 l - 90 scrolls of identify
 s - 23 scrolls of teleportation
 v - 12 scrolls of amnesia
 w - 5 scrolls of fog
 D - a scroll of enchant weapon
 T - 16 scrolls of remove curse
Potions
 f - 17 potions of curing
 m - 2 potions of might
 n - 2 potions of cancellation
 o - 2 potions of brilliance
 p - 3 potions of agility
 q - 2 potions of magic
 u - 13 potions of flight
 G - a potion of ambrosia
 H - 6 potions of invisibility
 J - 8 potions of heal wounds
 Q - 4 potions of mutation
 S - 2 potions of haste
 Z - a potion of resistance
Books
 c - a manual of Charms
 y - a manual of Polearms
 F - a manual of Long Blades
 M - a manual of Throwing
Miscellaneous
 t - a crystal ball of energy
Comestibles
 d - 49 rations


   Skills:
 + Level 23.4 Fighting
 + Level 23.1 Short Blades
 + Level 26.3 Long Blades
 + Level 23.4 Axes
 + Level 23.1 Maces & Flails
 + Level 25.6(27) Polearms
 + Level 23.1 Staves
 + Level 23.1 Slings
 + Level 23.1 Bows
 + Level 23.1 Crossbows
 + Level 26.3 Throwing
 + Level 23.2 Armour
 + Level 23.4(26.7) Dodging
 + Level 23.1(26.4) Stealth
 + Level 23.1(25.2) Shields
 + Level 23.1 Unarmed Combat
 + Level 23.4 Spellcasting
 + Level 20.1(23.6) Conjurations
 + Level 20.1(23.6) Hexes
 + Level 24.0(27) Charms
 + Level 20.1(23.6) Summonings
 + Level 20.1(23.6) Necromancy
 + Level 20.1(23.6) Translocations
 + Level 20.1(23.6) Transmutations
 + Level 20.1(23.6) Fire Magic
 + Level 20.1(23.6) Ice Magic
 + Level 20.1(23.6) Air Magic
 + Level 20.1(23.6) Earth Magic
 + Level 20.1(23.6) Poison Magic
 + Level 24.7 Invocations
 + Level 23.1(26.4) Evocations


You had 4 spell levels left.
You knew the following spells:

 Your Spells              Type           Power        Failure   Level  Hunger
a - Aura of Abjuration    Summ           #######...   0%          5    None
b - Song of Slaying       Chrm           #######.     0%          2    None
c - Shroud of Golubria    Chrm/Tloc      #######...   0%          2    None
d - Regeneration          Chrm/Necr      #######...   0%          3    None
e - Tornado               Air            #######...   7%          9    ######.
f - Animate Dead          Necr           N/A          0%          4    None
g - Recall                Summ/Tloc      N/A          0%          3    None
h - Yara's Violent Unrav  Hex/Tmut       #######...   0%          5    None
i - Irradiate             Conj/Tmut      #######...   0%          5    None
j - Death Channel         Necr           #######...   0%          6    None
k - Ozocubu's Refrigerat  Ice            #######...   0%          6    None
l - Orb of Destruction    Conj           #######...   1%          7    ###....
m - Ignition              Fire           #######...   1%          8    #####..
n - Blink                 Tloc           N/A          0%          2    None
o - Apportation           Tloc           ######       0%          1    None

Your spell library contained the following spells:

 Spells                   Type           Power        Failure   Level  Hunger
 Animate Skeleton         Necr           N/A          0%          1    None
 Beastly Appendage        Tmut           ######       0%          1    None
 Confusing Touch          Hex            ######       0%          1    None
 Flame Tongue             Conj/Fire      #####        0%          1    None
 Freeze                   Ice            ####         0%          1    None
 Infusion                 Chrm           ####         0%          1    None
 Magic Dart               Conj           ####         0%          1    None
 Pain                     Necr           ####         0%          1    None
 Sandblast                Erth           ######       0%          1    None
 Shock                    Conj/Air       ####         0%          1    None
 Sting                    Conj/Pois      ####         0%          1    None
 Summon Butterflies       Summ           #######.     0%          1    None
 Summon Small Mammal      Summ           ####         0%          1    None
 Call Imp                 Summ           #######.     0%          2    None
 Corpse Rot               Necr           N/A          0%          2    None
 Passwall                 Tmut/Erth      #######.     0%          2    None
 Poisonous Vapours        Pois/Air       ######       0%          2    None
 Slow                     Hex            #######.     0%          2    None
 Sticks to Snakes         Tmut           #######.     0%          2    None
 Swiftness                Chrm/Air       #######.     0%          2    None
 Throw Flame              Conj/Fire      ######       0%          2    None
 Throw Frost              Conj/Ice       ######       0%          2    None
 Call Canine Familiar     Summ           #######.     0%          3    None
 Confuse                  Hex            #######.     0%          3    None
 Conjure Flame            Conj/Fire      #######.     0%          3    None
 Gell's Gravitas          Tloc           #######...   0%          3    None
 Ignite Poison            Fire/Tmut/Pois #######.     0%          3    None
 Inner Flame              Hex/Fire       #######.     0%          3    None
 Lesser Beckoning         Tloc           #######...   0%          3    None
 Mephitic Cloud           Conj/Pois/Air  #######.     0%          3    None
 Ozocubu's Armour         Chrm/Ice       #######.     0%          3    None
 Spectral Weapon          Hex/Chrm       #######.     0%          3    None
 Spider Form              Tmut/Pois      #######...   0%          3    None
 Static Discharge         Conj/Air       #######.     0%          3    None
 Stone Arrow              Conj/Erth      ######       0%          3    None
 Summon Guardian Golem    Hex/Summ       #######.     0%          3    None
 Teleport Other           Tloc           #######.     0%          3    None
 Vampiric Draining        Necr           #######...   0%          3    None
 Airstrike                Air            #######...   0%          4    None
 Cause Fear               Hex            #######...   0%          4    None
 Ice Form                 Ice/Tmut       #######.     0%          4    None
 Leda's Liquefaction      Hex/Erth       #######...   0%          4    None
 Olgreb's Toxic Radiance  Pois           #######.     0%          4    None
 Petrify                  Tmut/Erth      #######.     0%          4    None
 Sticky Flame             Conj/Fire      #######.     0%          4    None
 Summon Ice Beast         Ice/Summ       #######.     0%          4    None
 Summon Lightning Spire   Summ/Air       #######.     0%          4    None
 Throw Icicle             Conj/Ice       #######.     0%          4    None
 Agony                    Necr           #######.     0%          5    None
 Blade Hands              Tmut           #######...   0%          5    None
 Bolt of Draining         Conj/Necr      #######...   0%          5    None
 Bolt of Magma            Conj/Fire/Erth #######...   0%          5    None
 Borgnjor's Vile Clutch   Necr/Erth      #######...   0%          5    None
 Fireball                 Conj/Fire      #######...   0%          5    None
 Iskenderun's Battlesphe  Conj/Chrm      #######.     0%          5    None
 Lee's Rapid Deconstruct  Erth           #######...   0%          5    None
 Lightning Bolt           Conj/Air       #######...   0%          5    None
 Metabolic Englaciation   Hex/Ice        #######...   0%          5    None
 Silence                  Hex/Air        #######...   0%          5    None
 Summon Demon             Summ           #######...   0%          5    None
 Summon Forest            Summ/Tloc      #######...   0%          5    None
 Summon Mana Viper        Hex/Summ       #######.     0%          5    None
 Venom Bolt               Conj/Pois      #######...   0%          5    None
 Bolt of Cold             Conj/Ice       #######...   0%          6    None
 Bolt of Fire             Conj/Fire      #######...   0%          6    None
 Deflect Missiles         Chrm/Air       #######...   0%          6    None
 Freezing Cloud           Conj/Ice/Air   #######...   0%          6    None
 Hydra Form               Tmut           #######...   0%          6    None
 Iron Shot                Conj/Erth      #######...   0%          6    None
 Shadow Creatures         Summ           N/A          0%          6    None
 Simulacrum               Ice/Necr       #######...   0%          6    None
 Statue Form              Tmut/Erth      #######..    0%          6    None
 Dragon Form              Tmut           #######...   1%          7    ###....
 Malign Gateway           Summ/Tloc      #######...   1%          7    ###....
 Monstrous Menagerie      Summ           #######...   1%          7    ###....
 Ring of Flames           Chrm/Fire      #######...   1%          7    ###....
 Spellforged Servitor     Conj/Summ      #######...   1%          7    ###....
 Summon Greater Demon     Summ           #######...   1%          7    ###....
 Summon Hydra             Summ           #######...   1%          7    ###....
 Discord                  Hex            #######...   1%          8    #####..
 Summon Horrible Things   Summ           #######...   1%          8    #####..
 Shatter                  Erth           #######...   7%          9    ######.
 Passage of Golubria      Tloc           Unusable     N/A         4    N/A

Dungeon Overview and Level Annotations

Branches:
Dungeon (15/15)            Temple (1/1) D:5            Lair (6/6) D:8
 Shoals (4/4) Lair:3        Snake (4/4) Lair:4        Slime (5/5) Lair:5
    Orc (2/2) D:9             Elf (3/3) Orc:2        Vaults (5/5) D:14
  Crypt (3/3) Vaults:3       Tomb (0/3) Crypt:3      Depths (5/5) D:15
   Hell (1/1)                 Dis (7/7) Hell            Geh (7/7) Hell
    Coc (7/7) Hell            Tar (7/7) Hell            Zot (5/5) Depths:5

Altars:
Ashenzari
Cheibriados
Dithmenos
Elyvilon
Fedhas
Gozag
Hepliaklqana
Kikubaaqudgha
Makhleb
Nemelex Xobeh
Okawaru
Qazlal
Ru
Sif Muna
Trog
Uskayaw
Vehumet
Wu Jian
Xom
Yredelemnul
Zin
The Shining One
Beogh
Jiyva
Lugonu

Shops:
D:6 *   D:13 [   Orc:1 !(%   Orc:2 ?(%(:   Elf:3 =}=   Depths:1 (}:[

Portals:
Hell: Depths:1 Depths:2 Depths:3 Depths:4 Depths:5
Abyss: Depths:4
Pandemonium: Depths:3
Ziggurat: Depths:2


Innate Abilities, Weirdness & Mutations

Your experience applies equally to all skills.
You have very sharp teeth.
Your uncanny sense of smell can sniff out nearby items.
You have sharp fingernails.
You have a pair of small horns on your head.
You tend to lose your temper in combat.
Scrolls take you much longer to read.
You are clumsy. (Dex -2)
Armour fits poorly on your strangely shaped body.
Your body often deteriorates upon taking damage.
Your magical capacity is low. (-10% MP)
Your natural rate of healing is unusually fast.
You are very robust. (+20% HP)
You are covered in fur. (AC +1)
You are occasionally teleported next to monsters.
You evolve.
Your spells are a little easier to cast, but a little less powerful.
You expend magic power (3 MP) to strengthen your wands.


Message History

(P) Snake Pit (M) Slime Pits (O) Orcish Mines (E) Elven Halls (V) Vaults (C) Crypt (W) Tomb (U) Depths (H) Hell (I) Dis (G) Gehenna (X) Cocytus (Y) Tartarus (Z) Zot
Where to? (Enter - D:1, ? - help) HP restored.
There is a stone staircase leading up here.
You climb upwards.
There is a stone staircase leading down here.
Magic restored.
There is a stone staircase leading up here.
You climb upwards.
There is a stone staircase leading down here.
There is a stone staircase leading up here.
You climb upwards.
There is a stone staircase leading down here.
You enter the shallow water.
Moving in this stuff is going to be slow.
There is a staircase leading out of the dungeon here.
You have escaped!

.### #.##.#≈≈P##.#
#...#.# .#
#....#.##PP≈# ###.#.#
## ####.#.##P≈P#
#.#.#
#.#...P≈≈#####.#.#
#.#.#####≈P≈...#.#
#.#.# #PP≈##.#.#
#.#.### #P≈P##.#.#
#.#...# #.##PPP#.#
#.#.@.###.##P≈≈#.# #
#.#.........≈P≈#.# #
#.##############.####
#....{...>...........
#####.......#.#.#####
#.......#.#{##
#........{{..#
#....{.......####
#................


There were no monsters in sight!

Vanquished Creatures
  Cerebov (Pan)
  Asmodeus (Geh:7)
  Antaeus (Coc:7)
  the Royal Jelly (Slime:5)
  Gloorx Vloq (Pan)
  Ereshkigal (Tar:7)
  Ignacio (Pan)
  the Serpent of Hell (Tar:7)
  A seraph (Depths:5)
  Mnoleg (Pan)
  Lom Lobon (Pan)
  Khufu (Crypt:2)
  Mara (Snake:3)
  4 ancient liches (Zot:5)
  6 orbs of fire
  2 juggernauts (Depths:3)
  2 greater mummies
  10 pandemonium lords
  2 Killer Klowns
  Frederick (Crypt:2)
  4 shard shrikes
  4 curse toes
  Saint Roka (Crypt:2)
  A caustic shrike (Depths:4)
  Vashnia (Snake:4)
  Geryon (Hell)
  5 golden dragons
  A profane servitor (Crypt:3)
  the Enchantress (Depths:1)
  8 bone dragons
  2 doom hounds (Tar:7)
  27 Tzitzimimeh
  An electric golem (Zot:5)
  7 iron giants
  16 Brimstone Fiends
  8 Hell Sentinels
  2 shard shrike zombies
  21 Ice Fiends
  Jorgrun (Shoals:2)
  Rupert (Lair:3)
  2 hellephants (Abyss:4)
  14 tentacled monstrosities
  24 Orb Guardians
  14 quicksilver dragons
  3 deep elf blademasters
  2 deep elf master archers (Elf:3)
  20 acid blobs
  A kraken (Shoals:1)
  Polyphemus (Shoals:2)
  17 liches
  10 titans
  5 death cobs
  4 eldritch tentacles
  21 Executioners
  15 ancient champions
  2 sphinxes (Depths:4)
  10 tentacled starspawn
  The ghost of Uthraraba the Peltast, an adept OpFE of Vehumet (Snake:2)
  6 shadow dragons
  11 storm dragons
  Ilsuiw (Shoals:2)
  3 daevas
  6 draconian monks
  3 revenants
  Donald (Shoals:4)
  10 nagarajas
  4 fire giants
  9 deep elf sorcerers
  2 tengu reavers
  11 azure jellies
  5 draconian knights
  4 frost giants
  14 vault wardens
  6 iron dragons
  2 ghost moths (Zot:5)
  2 draconian scorchers (Zot:1)
  Louise (Elf:1)
  Aizul (Snake:1)
  25 balrugs
  17 cacodemons
  3 curse skulls
  3 warmongers
  3 draconian shifters
  2 draconian stormcallers
  6 blood saints (Pan)
  4 draconian annihilators
  6 spriggan defenders
  An angel (Pan)
  59 reapers
  5 deep elf elementalists (Elf:3)
  10 ironheart preservers
  3 elemental wellsprings
  18 war gargoyles
  The ghost of erker the Severer, a journeyman GrFi of Okawaru (Snake:2)
  11 ghouls
  An entropy weaver (Vaults:3)
  32 very ugly things
  20 stone giants
  7 corrupters
  12 deep elf demonologists
  4 black suns
  9 vampire knights
  5 green draconians
  5 black draconians
  9 deep elf annihilators
  9 purple draconians
  A spark wasp (shapeshifter) (Abyss:4)
  A minotaur (Gauntlet)
  3 red draconians
  2 spark wasps
  9 white draconians
  8 yellow draconians
  4 dire elephants (Abyss:4)
  22 blizzard demons
  10 lorocyprocas
  3 eidola
  2 merfolk javelineers
  7 fire dragons
  3 mummy priests (Crypt:3)
  14 green deaths
  4 quicksilver dragon zombies
  10 death oozes
  10 deep elf death magi
  6 ettins
  9 jiangshi
  Josephine (Lair:5)
  3 merfolk impalers
  12 yaktaur captains
  A spectral kraken (Tar:7)
  32 vault guards
  8 deep elf high priests
  4 monstrous demonspawn (Pan)
  A kraken zombie (Hell)
  16 naga warriors
  12 great orbs of eyes
  Erolcha (D:12)
  7 quicksilver dragon skeletons
  13 rakshasas
  3 catoblepae
  18 ice dragons
  4 hell beasts
  12 hydras
  2 ghost crabs
  3 merfolk avatars
  2 satyrs
  4 centaur warriors
  14 anacondas
  9 ogre magi
  Erica (D:8)
  3 death knights
  6 spriggan air magi
  2 two-headed ogres (shapeshifter)
  3 merfolk aquamancers
  5 deep troll shamans
  A death scarab (Gauntlet)
  4 death yaks
  27 dancing weapons
  An alligator snapping turtle (Shoals:4)
  A queen ant (D:11)
  29 two-headed ogres
  11 tengu warriors
  6 vampire magi
  The ghost of gohu the Cleaver, a novice MiFi of Okawaru (D:8)
  A satyr (shapeshifter) (Depths:4)
  8 titan zombies
  12 hell hogs
  10 deep troll earth magi
  13 spriggan berserkers
  10 shock serpents
  14 thrashing horrors
  13 naga sharpshooters
  5 iron golems
  32 soul eaters
  6 holy swine (Pan)
  23 wretched stars
  5 spriggans
  4 storm dragon skeletons
  13 deep elf knights
  24 small abominations
  50 sun demons
  14 iron trolls
  45 hell knights
  7 storm dragon zombies
  29 sixfirhies
  11 shadow wraiths
  4 titan skeletons
  99 skeletal warriors
  4 spatial maelstroms
  4 golden dragon zombies
  2 fire crabs (shapeshifter)
  16 deep trolls
  An unseen horror (shapeshifter) (Vaults:3)
  15 sea snakes
  3 unseen horrors
  4 infernal demonspawn (Pan)
  A ghost moth zombie (Crypt:2)
  2 sea snakes (shapeshifter)
  4 lindwurms
  A cherub (D:10)
  8 anaconda zombies
  A quicksilver dragon simulacrum (Hell)
  29 shadow demons
  2 gelid demonspawn (Pan)
  A swamp dragon (Lair:6)
  7 shadow dragon zombies
  6 golden dragon skeletons
  An obsidian statue (D:12)
  5 deep elf archers
  8 flayed ghosts
  6 glowing orange brains
  5 torturous demonspawn
  3 wizards
  7 naga ritualists
  18 harpies
  8 anaconda skeletons
  5 iron dragon zombies
  30 phantasmal warriors
  2 lindwurms (shapeshifter)
  7 fauns
  16 necromancers
  A wolf spider (shapeshifter) (Vaults:5)
  5 mana vipers
  15 ironbrand convokers
  9 manticores
  A faun (shapeshifter) (Depths:4)
  11 orc knights
  7 fire giant zombies
  9 wolf spider zombies
  7 frost giant zombies
  3 stone giant zombies
  2 shadow dragon skeletons
  2 manticores (shapeshifter)
  9 orc sorcerers
  2 oklob plants
  47 deep elf magi
  5 salamanders
  7 cyclopes
  2 shining eyes
  24 moths of wrath
  3 wolf spiders
  32 ugly things
  A moth of wrath (shapeshifter) (Vaults:5)
  A shock serpent zombie (Geh:7)
  2 stone giant skeletons
  32 rust devils
  4 ice statues
  An iron dragon skeleton (Coc:2)
  An elephant (shapeshifter) (Vaults:5)
  5 worldbinders
  12 merfolk sirens
  3 elephants (Abyss:4)
  12 vault sentinels
  7 water nymphs
  16 naga magi
  An apocalypse crab (Abyss:3)
  4 frost giant skeletons
  5 dire elephant zombies
  44 black mambas
  2 shock serpent skeletons
  19 orange demons
  28 smoke demons
  3 centaur skeletons
  9 guardian serpents
  9 molten gargoyles
  A gargoyle (D:12)
  43 hellions
  3 dire elephant skeletons
  7 spectral swamp worms
  26 tormentors
  A yellow draconian zombie (Crypt:2)
  12 spiny frogs
  21 yaktaurs
  5 emperor scorpion zombies
  5 komodo dragons
  A minotaur zombie (Tar:7)
  A catoblepas zombie (Geh:1)
  16 hellwings
  A redback zombie (Crypt:1)
  A golden dragon simulacrum (IceCv)
  10 ancient zymes
  9 demonic crawlers
  12 efreet
  6 rime drakes
  2 yaktaurs (shapeshifter)
  41 red devils
  15 hydra zombies
  2 iron troll zombies
  10 trolls
  6 anaconda simulacra
  A catoblepas skeleton (Tar:7)
  3 silent spectres (Tar:7)
  30 freezing wraiths
  4 tengu conjurers
  A purple draconian skeleton (Crypt:2)
  41 ice devils
  11 guardian mummies (Crypt:3)
  A meliai (shapeshifter) (D:13)
  5 wind drakes
  7 merfolk
  A polar bear (shapeshifter) (Vaults:5)
  63 slime creatures
  6 ice dragon zombies
  10 hornets
  3 harpy zombies
  58 large abominations
  2 hippogriffs (shapeshifter)
  23 raiju
  9 dream sheep
  A dream sheep (shapeshifter) (Vaults:5)
  A fire giant simulacrum (Vaults:1)
  18 blink frogs
  7 alligator zombies
  4 harpy skeletons
  6 snapping turtles
  7 hydra skeletons
  11 ettin zombies
  2 meliai zombies
  3 bog bodies (Crypt:3)
  3 fire dragon skeletons
  4 fire dragon zombies
  6 ettin skeletons
  11 hippogriffs
  25 shadows
  An ice dragon skeleton (Coc:4)
  A redback (Vaults:3)
  92 flying skulls
  2 vampires
  29 wraiths
  2 spriggans (shapeshifter)
  3 alligator skeletons
  2 black mamba zombies
  A satyr skeleton (Crypt:3)
  A tarantella (shapeshifter) (Vaults:5)
  20 ynoxinuls
  Sigmund (D:5)
  An ushabti (Crypt:3)
  16 water elementals
  20 fire elementals
  2 yaks (shapeshifter)
  6 wyverns
  40 yaks
  9 hungry ghosts
  6 fire bats
  22 golden eyes
  17 neqoxecs
  2 vampire mosquitoes (D:15)
  12 basilisks
  3 black mamba skeletons
  An emperor scorpion simulacrum (Crypt:3)
  2 steam dragons (Lair:6)
  A warg (shapeshifter) (Abyss:5)
  17 chaos spawn
  A steam dragon (shapeshifter) (Abyss:5)
  2 merfolk zombies
  4 insubstantial wisps (Abyss:5)
  4 harpy simulacra (IceCv)
  An infernal demonspawn zombie (Crypt:3)
  A spectral spiny frog (Gauntlet)
  59 nagas
  12 water moccasins
  3 iron troll simulacra (IceCv)
  6 spatial vortices
  8 wargs
  3 acid dragons
  21 soldier ants
  9 spiny frog zombies
  11 hydra simulacra
  9 porcupines
  38 hell hounds
  32 orc warriors
  4 swamp drakes (Depths:5)
  5 eyes of draining
  10 ice beasts
  A monstrous demonspawn skeleton (Crypt:1)
  6 sky beasts
  2 spiny frog skeletons
  32 ogres
  6 phantoms
  3 black bears
  An ice dragon simulacrum (Hell)
  A manticore zombie (Geh:2)
  An elephant zombie (Crypt:1)
  23 necrophages
  2 swamp dragon zombies
  An alligator simulacrum (Hell)
  2 swamp dragon skeletons
  4 ettin simulacra
  7 boggarts
  A snapping turtle skeleton (Geh:2)
  10 centaurs
  5 snapping turtle zombies
  3 wolves (Lair:6)
  A blink frog skeleton (Crypt:2)
  2 manticore skeletons
  19 crocodiles
  2 big kobolds
  An elf zombie (Tar:7)
  17 bullfrogs
  A spiny frog simulacrum (Coc:7)
  A cyclops zombie (Crypt:2)
  A wyvern zombie (D:13)
  8 earth elementals
  A spriggan zombie (Crypt:3)
  4 scorpions
  A troll zombie (D:7)
  11 killer bees
  A spriggan skeleton (Coc:6)
  77 wights
  A troll skeleton (Dis:3)
  4 electric eels
  4 howler monkeys
  13 crimson imps
  4 bullfrog zombies
  8 centaur zombies
  3 quasits
  6 human zombies
  A draconian simulacrum (IceCv)
  51 starcursed masses
  11 jellies
  18 orc priests
  6 hounds
  5 human skeletons
  41 orc wizards
  2 bullfrog skeletons
  31 iron imps
  Ijyb (D:5)
  4 iguanas
  3 hell rats (Hell)
  A polar bear simulacrum (Lair:4)
  34 worker ants
  A yak simulacrum (Lair:4)
  A spriggan simulacrum (IceCv)
  3 troll simulacra (IceCv)
  4 wolf simulacra
  2 big kobold zombies (Ossuary)
  A felid zombie (Crypt:1)
  2 centaur simulacra (IceCv)
  3 ogre zombies
  A tengu skeleton (Dis:2)
  2 hound skeletons
  A hound zombie (D:7)
  13 mummies
  A worker ant zombie (D:10)
  2 ogre simulacra (IceCv)
  5 river rats
  11 adders
  2 naga simulacra (IceCv)
  11 shadow imps
  21 white imps
  9 ufetubi (IceCv)
  6 oozes
  3 adder zombies
  A halfling zombie (Crypt:1)
  3 worms
  2 ball lightnings (Pan)
  3 leopard geckos
  106 orcs
  A ball python (D:2)
  9 bats
  A bat skeleton (Crypt:3)
  5 giant cockroaches
  2 gnoll zombies (D:2)
  8 hobgoblins
  15 jackals
  6 kobolds
  6 quokkas
  7 frilled lizards
  A goblin (D:2)
  2 goblin zombies (Ossuary)
  5 hobgoblin zombies (Ossuary)
  2 jackal zombies (Ossuary)
  9 kobold zombies (Ossuary)
  A leopard gecko zombie (Crypt:2)
  An orc skeleton (Geh:4)
  15 orc zombies
  A quokka skeleton (D:5)
  2 quokka zombies
  18 rats
  4 river rat simulacra (Lair:4)
  3 bushes
  4 crawling corpses (Elf:3)
  4 fire vortices
  A lurking horror (Abyss:4)
  21 plants
  12 starspawn tentacles
  6 tentacles
4353 creatures vanquished.

Vanquished Creatures (collateral kills)
  4 ancient liches (Zot:5)
  Dispater (Dis:7)
  A juggernaut (Depths:2)
  A Killer Klown (Zot:5)
  8 golden dragons
  Nikola (Snake:4)
  A Hell Sentinel (Dis:7)
  An iron giant (Dis:7)
  5 tentacled monstrosities
  An Ice Fiend (Dis:7)
  A quicksilver dragon (Dis:7)
  4 Orb Guardians (Zot:5)
  A titan (Vaults:5)
  A death cob (Zot:4)
  7 shadow dragons
  A storm dragon (Depths:4)
  3 tengu reavers
  4 large abominations
  5 fire giants
  A nagaraja (Snake:4)
  4 frost giants
  6 iron dragons
  2 deep elf sorcerers
  4 vault wardens (Vaults:5)
  A balrug (Geh:7)
  A deep elf elementalist (Vaults:4)
  A draconian shifter (Abyss:4)
  4 ironheart preservers
  14 very ugly things
  4 stone giants
  2 reapers
  4 war gargoyles (Dis:7)
  A vampire knight (Depths:5)
  2 ghouls
  An entropy weaver (Vaults:3)
  A purple draconian (Depths:5)
  2 deep elf annihilators
  A black draconian (Depths:5)
  A dire elephant (Abyss:4)
  A spark wasp (shapeshifter) (Depths:2)
  A white draconian (Depths:5)
  An eidolon (Crypt:2)
  A merfolk javelineer (Shoals:4)
  3 blizzard demons
  A deep elf death mage (Depths:5)
  4 ettins
  A green death (Pan)
  2 merfolk impalers
  8 great orbs of eyes
  A quicksilver dragon zombie (Crypt:2)
  4 fire dragons
  3 deep elf high priests (Depths:3)
  4 vault guards
  4 yaktaur captains
  A spriggan air mage (Depths:1)
  3 rakshasas
  2 hell beasts
  An ice dragon (Depths:1)
  3 naga warriors
  3 merfolk aquamancers (Shoals:4)
  An anaconda (Snake:4)
  A queen ant (shapeshifter) (Vaults:3)
  11 two-headed ogres
  A satyr (Shoals:4)
  3 deep troll earth magi
  2 death yaks
  7 ogre magi
  4 tengu warriors
  A deep troll shaman (Depths:4)
  A titan zombie (Dis:7)
  2 naga sharpshooters
  2 spriggan berserkers (Depths:3)
  4 shock serpents (Snake:4)
  10 iron golems
  8 hell knights
  3 thrashing horrors
  A storm dragon zombie (Dis:7)
  2 sun demons (Hell)
  3 soul eaters (Depths:3)
  A wretched star (Abyss:4)
  7 skeletal warriors
  A ghost moth zombie (Dis:1)
  9 deep trolls
  4 sea snakes
  4 iron trolls
  2 quicksilver dragon simulacra (Depths:3)
  An unseen horror (Abyss:5)
  2 glowing orange brains
  2 phantasmal warriors
  2 shadow demons
  2 death drakes (Depths:5)
  2 deep elf archers
  A shadow dragon zombie (Dis:7)
  2 naga ritualists (Snake:3)
  4 lindwurms
  3 ironbrand convokers
  A shadow dragon skeleton (Pan)
  An anaconda skeleton (Hell)
  4 orc knights
  3 mana vipers
  A cyclops (Shoals:3)
  3 deep elf magi
  2 stone giant zombies
  3 salamanders
  3 manticores
  4 fauns
  2 frost giant zombies
  A faun (shapeshifter) (Depths:4)
  An elephant (Abyss:4)
  4 ugly things
  A cyclops (shapeshifter) (Depths:5)
  2 centaur zombies
  A moth of wrath (Zot:5)
  2 merfolk sirens
  3 guardian serpents
  8 naga magi
  6 black mambas
  19 rust devils
  5 vault sentinels
  3 centaur skeletons
  3 water nymphs
  4 smoke demons
  3 spectral swamp worms (Depths:4)
  A minotaur zombie (Dis:7)
  A spiny frog (Lair:5)
  A hellion (Dis:7)
  A torpor snail (shapeshifter) (Depths:2)
  2 tormentors (Dis:7)
  A rime drake (Lair:6)
  An efreet (Depths:3)
  10 yaktaurs
  2 hellwings (Pan)
  An ice devil (Depths:3)
  A freezing wraith (Depths:3)
  A red devil (Zot:5)
  A harpy zombie (Dis:7)
  A queen bee (shapeshifter) (Vaults:5)
  9 merfolk
  2 hornets
  2 fire dragon zombies
  A frost giant simulacrum (Hell)
  2 hippogriffs (D:10)
  5 raiju
  7 blink frogs
  2 alligator zombies
  13 slime creatures
  A dream sheep (shapeshifter) (Vaults:5)
  2 spriggans
  2 flying skulls (Depths:3)
  3 redbacks (Vaults:3)
  7 water elementals
  3 starcursed masses (Abyss:4)
  2 wraiths (Depths:3)
  A tarantella (Vaults:3)
  4 fire elementals
  A wyvern (Lair:6)
  2 basilisks
  10 yaks
  A hungry ghost (D:13)
  A chaos spawn (Abyss:4)
  4 neqoxecs
  A harpy simulacrum (Hell)
  A warg (Vaults:2)
  A spatial vortex (Abyss:4)
  11 nagas
  A soldier ant (D:11)
  A floating eye (shapeshifter) (Abyss:4)
  10 hell hounds
  A merfolk skeleton (Pan)
  A soldier ant (shapeshifter) (Vaults:3)
  A spiny frog zombie (Hell)
  2 swamp drakes (Depths:5)
  An ice beast (D:14)
  3 orc warriors
  An eye of draining (Depths:1)
  An ettin simulacrum (Vaults:3)
  A manticore zombie (Dis:7)
  2 boggarts (Depths:3)
  3 ogres
  A crocodile (Lair:6)
  An earth elemental (Abyss:4)
  A killer bee (D:10)
  2 wights (Crypt:2)
  A crimson imp (Geh:7)
  2 orc priests
  9 iron imps
  An orc wizard (Vaults:5)
  A hell rat (Hell)
  A worker ant (D:11)
  A mummy (Dis:7)
  8 orcs
  3 river rat simulacra (Lair:4)
  2 crawling corpses (Depths:3)
  7 fungi
  28 plants
593 creatures vanquished.

Vanquished Creatures (others)
  2 liches
  2 eldritch tentacles
  An Executioner (Pan)
  A draconian stormcaller (Zot:1)
  2 elemental wellsprings (Coc:7)
  A war gargoyle (Vaults:5)
  Nessos (Lair:6)
  A blizzard demon (Pan)
  A green death (Pan)
  A deep elf death mage (Crypt:1)
  A merfolk javelineer (Depths:2)
  A yaktaur captain (Vaults:5)
  A rakshasa (Pan)
  An ice dragon (Depths:3)
  2 dancing weapons (Pan)
  3 hell hogs
  A soul eater (Pan)
  3 naga sharpshooters
  A deep elf knight (Elf:1)
  A sixfirhy (Pan)
  2 glowing orange brains (Pan)
  A spatial maelstrom (Depths:4)
  3 deep elf archers
  2 fauns (Shoals:4)
  An orc sorcerer (Orc:2)
  A cyclops (Shoals:1)
  A tormentor (Dis:7)
  9 yaktaurs
  A hydra skeleton (Hell)
  4 flying skulls
  A shadow (Geh:2)
  An air elemental (Elf:2)
  A wraith (Geh:4)
  2 fire bats
  A golden eye (Abyss:4)
  2 neqoxecs (Pan)
  3 chaos spawn (Abyss:5)
  A swamp worm (shapeshifter) (Vaults:3)
  A naga (Snake:4)
  A hell hound (Geh:7)
  An orc warrior (Vaults:5)
  2 swamp drakes (Depths:5)
  A starcursed mass (Abyss:5)
  A boggart (Depths:3)
  A snapping turtle skeleton (Coc:3)
  2 centaurs
  A wight (Geh:2)
  A crimson imp (Hell)
  2 iron imps (Dis:7)
  A white imp (IceCv)
  47 ball lightnings (Pan)
  An orc (Vaults:3)
  A block of ice (Pan)
  2 fire vortices (Dis:7)
  4 fungi
  3 lurking horrors
  34 plants
  39 spectral weapons
  28 starspawn tentacles
  13 tentacles
  2 withered plants (Gauntlet)
254 creatures vanquished.

Grand Total: 5200 creatures vanquished

Notes
Turn   | Place    | Note
-------+----------+-------------------------------------------
     0 | D:1      | dvd the Gnoll Skald began the quest for the Orb.
     0 | D:1      | Reached XP level 1. HP: 20/20 MP: 6/6
   159 | D:1      | Reached XP level 2. HP: 16/26 MP: 7/7
   365 | D:1      | Learned a level 2 spell: Song of Slaying
   377 | D:1      | Learned a level 2 spell: Shroud of Golubria
   904 | D:2      | Reached skill level 5 in Spellcasting
   904 | D:2      | Reached XP level 3. HP: 29/31 MP: 6/9
  1030 | D:2      | Reached skill level 1 in Invocations
  1673 | D:2      | Reached skill level 1 in Short Blades
  1673 | D:2      | Reached skill level 1 in Long Blades
  1673 | D:2      | Reached skill level 1 in Maces & Flails
  1673 | D:2      | Reached skill level 1 in Polearms
  1673 | D:2      | Reached skill level 1 in Staves
  1673 | D:2      | Reached skill level 1 in Slings
  1673 | D:2      | Reached skill level 1 in Bows
  1673 | D:2      | Reached skill level 1 in Crossbows
  1673 | D:2      | Reached skill level 1 in Throwing
  1673 | D:2      | Reached skill level 1 in Stealth
  1673 | D:2      | Reached skill level 1 in Shields
  1673 | D:2      | Reached skill level 1 in Unarmed Combat
  1673 | D:2      | Reached skill level 1 in Evocations
  1723 | D:2      | Found a basalt altar of Yredelemnul.
  1877 | D:3      | Reached XP level 4. HP: 33/38 MP: 11/11
  1923 | D:3      | Learned a level 3 spell: Regeneration
  2063 | D:3      | Reached skill level 1 in Conjurations
  2063 | D:3      | Reached skill level 1 in Hexes
  2063 | D:3      | Reached skill level 1 in Summonings
  2063 | D:3      | Reached skill level 1 in Necromancy
  2063 | D:3      | Reached skill level 1 in Translocations
  2063 | D:3      | Reached skill level 1 in Transmutations
  2063 | D:3      | Reached skill level 1 in Fire Magic
  2063 | D:3      | Reached skill level 1 in Ice Magic
  2063 | D:3      | Reached skill level 1 in Air Magic
  2063 | D:3      | Reached skill level 1 in Earth Magic
  2063 | D:3      | Reached skill level 1 in Poison Magic
  2280 | D:3      | Reached XP level 5. HP: 42/43 MP: 9/12
  2379 | D:3      | Found an ornate altar of the Wu Jian Council.
  2747 | D:3      | Found a bloodstained altar of Trog.
  2893 | D:4      | Found a sand-covered staircase.
  2899 | Ossuary  | Entered an ossuary
  3045 | Ossuary  | Reached XP level 6. HP: 25/50 MP: 6/13
  3208 | Ossuary  | HP: 1/50 [centaur zombie (6)]
  3239 | Ossuary  | Reached skill level 5 in Fighting
  3239 | Ossuary  | Reached skill level 5 in Axes
  3239 | Ossuary  | Reached skill level 5 in Dodging
  3427 | D:4      | Found a glowing drain.
  3449 | D:4      | HP: 2/51 [river rat (2)]
  3459 | Sewer    | Entered a sewer
  3595 | Sewer    | Reached XP level 7. HP: 31/56 MP: 12/15
  3640 | Sewer    | Found a white marble altar of Elyvilon.
  4027 | D:4      | Found an iron altar of Okawaru.
  4434 | D:3      | Learned a level 3 spell: Spectral Weapon
  4711 | D:5      | Entered Level 5 of the Dungeon
  4740 | D:5      | Noticed Sigmund
  4918 | D:5      | Killed Sigmund
  4918 | D:5      | Reached XP level 8. HP: 52/63 MP: 12/16
  4953 | D:5      | Found a staircase to the Ecumenical Temple.
  4969 | Temple   | Entered the Ecumenical Temple
  4992 | Temple   | Became a worshipper of Ashenzari the Shackled
  5033 | D:5      | Gained mutation: You are agile. (Dex +2) [potion of
                  | mutation]
  5033 | D:5      | Gained mutation: You possess an exceptional clarity of
                  | mind. [potion of mutation]
  5033 | D:5      | Gained mutation: You have sharp fingernails. [potion of
                  | mutation]
  5033 | D:5      | Gained mutation: You evolve. [potion of mutation]
  5068 | D:5      | Noticed Ijyb
  5100 | D:5      | Killed Ijyb
  5204 | D:5      | Found a burning altar of Makhleb.
  5207 | D:5      | Found a glowing silver altar of Zin.
  5210 | D:5      | Found a sacrificial altar of Ru.
  5213 | D:5      | Found a radiant altar of Vehumet.
  5795 | D:6      | Found Woeppaas's General Store.
  5803 | D:6      | Bought a +1 cloak for 172 gold pieces
  5957 | D:6      | Reached * piety under Ashenzari
  6327 | D:6      | Found a stormy altar of Qazlal.
  6359 | D:6      | Reached XP level 9. HP: 64/69 MP: 13/18
  6719 | D:6      | Found a deep blue altar of Sif Muna.
  7138 | D:7      | Found a hide-covered altar of Uskayaw.
  7166 | D:7      | Reached skill level 5 in Armour
  7372 | D:7      | Found a hazy altar of Hepliaklqana.
  7392 | D:7      | Gained mutation: Your mind is acute. (Int +2) [evolution]
  7402 | D:7      | Found a stormy altar of Qazlal.
  7543 | D:7      | Reached skill level 5 in Invocations
  7825 | D:7      | Reached XP level 10. HP: 77/77 MP: 12/20
  7847 | D:7      | Found an ancient bone altar of Kikubaaqudgha.
  7912 | D:7      | Found a white marble altar of Elyvilon.
  7983 | D:7      | Found an opulent altar of Gozag.
  7984 | D:7      | Found a sparkling altar of Nemelex Xobeh.
  8145 | D:8      | Learned a level 2 spell: Throw Flame
  8206 | D:8      | Found a runed translucent door.
  8206 | D:8      | Noticed gohu's ghost (novice MiFi)
  8289 | D:8      | Reached ** piety under Ashenzari
  8328 | D:8      | Noticed Erica
  8340 | D:8      | Killed Erica
  8340 | D:8      | Reached skill level 5 in Short Blades
  8340 | D:8      | Reached skill level 5 in Long Blades
  8340 | D:8      | Reached skill level 5 in Maces & Flails
  8340 | D:8      | Reached skill level 5 in Polearms
  8340 | D:8      | Reached skill level 5 in Staves
  8340 | D:8      | Reached skill level 5 in Slings
  8340 | D:8      | Reached skill level 5 in Bows
  8340 | D:8      | Reached skill level 5 in Crossbows
  8340 | D:8      | Reached skill level 5 in Throwing
  8340 | D:8      | Reached skill level 5 in Stealth
  8340 | D:8      | Reached skill level 5 in Shields
  8340 | D:8      | Reached skill level 5 in Unarmed Combat
  8340 | D:8      | Reached skill level 5 in Evocations
  8512 | D:8      | Found a stormy altar of Qazlal.
  8875 | D:8      | Lost mutation: You have sharp fingernails. [evolution]
  9020 | D:8      | Found a staircase to the Lair.
  9440 | D:9      | Found a staircase to the Orcish Mines.
  9484 | D:9      | Reached XP level 11. HP: 69/84 MP: 19/22
  9526 | D:9      | Found a snail-covered altar of Cheibriados.
  9649 | D:9      | Found a roughly hewn altar of Beogh.
  9719 | D:9      | Gained mutation: You have sharp fingernails. [evolution]
 10122 | Lair:1   | Entered Level 1 of the Lair of Beasts
 10132 | Lair:1   | Reached skill level 5 in Conjurations
 10132 | Lair:1   | Reached skill level 5 in Hexes
 10132 | Lair:1   | Reached skill level 5 in Summonings
 10132 | Lair:1   | Reached skill level 5 in Necromancy
 10132 | Lair:1   | Reached skill level 5 in Translocations
 10132 | Lair:1   | Reached skill level 5 in Transmutations
 10132 | Lair:1   | Reached skill level 5 in Fire Magic
 10132 | Lair:1   | Reached skill level 5 in Ice Magic
 10132 | Lair:1   | Reached skill level 5 in Air Magic
 10132 | Lair:1   | Reached skill level 5 in Earth Magic
 10132 | Lair:1   | Reached skill level 5 in Poison Magic
 10300 | Lair:1   | Reached *** piety under Ashenzari
 10960 | Lair:2   | Got the falchion "Evieqiax" {pain, rF+}
 10961 | Lair:2   | Identified the +2 falchion "Evieqiax" {pain, rF+} (You
                  | found it on level 2 of the Lair of Beasts)
 11469 | Lair:3   | Found a gate leading to a gauntlet.
 11470 | Lair:3   | Noticed a catoblepas
 11486 | Lair:3   | Killed a catoblepas
 11488 | Lair:3   | Upgraded the game from 0.23.0-28-g6fe0f4d to
                  | 0.23.0-33-g5e6c059
 11532 | Gauntlet | Entered a Gauntlet
 11532 | Gauntlet | Found a transporter.
 11532 | Gauntlet | Found a transporter.
 11536 | Gauntlet | Found a transporter.
 11536 | Gauntlet | Found a transporter.
 11545 | Gauntlet | Found a transporter.
 11546 | Gauntlet | Noticed a shining eye
 11564 | Gauntlet | Found a transporter.
 11572 | Gauntlet | Noticed a reaper
 11573 | Gauntlet | Identified the ring "Gealeshraob" {rElec EV+3 Slay+3}
 11574 | Gauntlet | Found a transporter.
 11574 | Gauntlet | Found a transporter.
 11596 | Gauntlet | Found a transporter.
 11600 | Gauntlet | Noticed a death ooze
 11603 | Gauntlet | Found a transporter.
 11615 | Gauntlet | Found a transporter.
 11632 | Gauntlet | Noticed a death scarab
 11633 | Gauntlet | Found a transporter.
 11680 | Gauntlet | Found a transporter.
 11696 | Gauntlet | Found a transporter.
 11697 | Gauntlet | Noticed a reaper
 11797 | Gauntlet | Found a transporter.
 11811 | Gauntlet | Found a transporter.
 11820 | Gauntlet | Identified the ring of Prescription {rF+ rN++ Stlth+}
 11910 | Gauntlet | Killed a death scarab
 11910 | Gauntlet | Reached XP level 12. HP: 20/93 MP: 13/24
 12074 | Gauntlet | Killed a death ooze
 12152 | Gauntlet | Killed a reaper
 12303 | Gauntlet | Identified the cursed +1 whip of Dishonesty {antimagic, MR+
                  | Str-2 Dex+6}
 12303 | Gauntlet | Noticed a minotaur
 12316 | Gauntlet | Killed a minotaur
 12335 | Gauntlet | Identified the amulet "Sesoce Nouhy" {Reflect Str+2 SH+3}
 12572 | Lair:3   | Reached **** piety under Ashenzari
 12708 | Lair:3   | Gained mutation: Armour fits poorly on your strangely
                  | shaped body. [evolution]
 12761 | Lair:3   | Noticed Rupert
 12773 | Lair:3   | Killed Rupert
 12912 | Lair:3   | Found a staircase to the Shoals.
 13167 | Lair:4   | Reached XP level 13. HP: 100/101 MP: 18/26
 13661 | Lair:4   | Learned a level 4 spell: Animate Dead
 13739 | Lair:4   | Reached ***** piety under Ashenzari
 13900 | Lair:4   | Found a staircase to the Snake Pit.
 14989 | Lair:5   | Identified the +10 hunting sling "X" {velocity, rF+ rN+}
 15277 | Lair:5   | Lost mutation: You are agile. (Dex +2) [evolution]
 15406 | Lair:5   | Noticed Josephine
 15425 | Lair:5   | Killed Josephine
 15615 | Lair:5   | Found a staircase to the Slime Pits.
 15935 | Lair:6   | Entered Level 6 of the Lair of Beasts
 15956 | Lair:6   | Reached skill level 10 in Spellcasting
 16044 | Lair:6   | Reached XP level 14. HP: 101/108 MP: 22/28
 16378 | Lair:6   | Noticed Nessos
 16522 | Lair:6   | Reached skill level 10 in Fighting
 16522 | Lair:6   | Reached skill level 10 in Axes
 16522 | Lair:6   | Reached skill level 10 in Dodging
 16691 | Lair:6   | Killed Nessos
 16755 | Lair:6   | Lost mutation: You possess an exceptional clarity of mind.
                  | [evolution]
 17132 | Lair:6   | Reached skill level 10 in Invocations
 17685 | Lair:4   | Gained mutation: Your muscles are strong. (Str +2)
                  | [evolution]
 18004 | Orc:1    | Entered Level 1 of the Orcish Mines
 18077 | Orc:1    | Found Azaon's Weapon Boutique.
 18222 | Orc:1    | Found Eloseu's Distillery.
 18525 | Orc:2    | Entered Level 2 of the Orcish Mines
 18525 | Orc:2    | Found Pianobro's Food Shop.
 18558 | Orc:2    | Found a staircase to the Elven Halls.
 19029 | Orc:2    | Found a roughly hewn altar of Beogh.
 19096 | Orc:2    | Found Ywileth's Weapon Shoppe.
 19096 | Orc:2    | Found Gonnufeb's Magic Scroll Shop.
 19183 | Orc:2    | Found Ylis's Book Shoppe.
 19183 | Orc:2    | Found Dabouxt's Antique Weapon Shop.
 19201 | Orc:2    | Reached XP level 15. HP: 54/117 MP: 11/29
 19221 | Orc:2    | Bought a crude mace for 256 gold pieces
 19221 | Orc:2    | Identified the cursed +1 mace of Trauma {crush, Dex+2} (You
                  | bought it in a shop on level 2 of the Orcish Mines)
 19502 | Orc:1    | Found Mohicul's Food Emporium.
 19728 | D:10     | Entered Level 10 of the Dungeon
 19849 | D:10     | Reached ****** piety under Ashenzari
 19871 | D:10     | Reached skill level 10 in Armour
 20947 | D:11     | Found a basalt altar of Yredelemnul.
 21184 | Orc:2    | Bought a scroll of acquirement for 780 gold pieces
 21208 | Orc:2    | Learned a level 3 spell: Recall
 21484 | D:12     | Reached skill level 10 in Charms
 21590 | D:12     | Noticed Erolcha
 21592 | D:12     | Killed Erolcha
 21946 | D:12     | Reached skill level 10 in Short Blades
 21946 | D:12     | Reached skill level 10 in Long Blades
 21946 | D:12     | Reached skill level 10 in Maces & Flails
 21946 | D:12     | Reached skill level 10 in Polearms
 21946 | D:12     | Reached skill level 10 in Staves
 21946 | D:12     | Reached skill level 10 in Slings
 21946 | D:12     | Reached skill level 10 in Bows
 21946 | D:12     | Reached skill level 10 in Crossbows
 21946 | D:12     | Reached skill level 10 in Throwing
 21946 | D:12     | Reached skill level 10 in Stealth
 21946 | D:12     | Reached skill level 10 in Shields
 21946 | D:12     | Reached skill level 10 in Unarmed Combat
 21946 | D:12     | Reached skill level 10 in Evocations
 22482 | D:13     | Gained mutation: You are covered in fur. (AC +1)
                  | [evolution]
 22642 | D:13     | Found Pululoagh's Armour Emporium.
 22652 | D:13     | Bought the +8 scale mail "Pialouta" {Str+4 Int+7} for 963
                  | gold pieces
 22728 | D:13     | Found an ornate altar of the Wu Jian Council.
 22749 | D:13     | Identified the +11 spear "Iluger" {freeze, rF++ rC- MP+9
                  | Int+4}
 23288 | D:8      | Killed gohu's ghost
 23461 | Snake:1  | Entered Level 1 of the Snake Pit
 23607 | Snake:1  | Noticed Aizul
 23630 | Snake:1  | Killed Aizul
 23720 | Snake:1  | Reached XP level 16. HP: 107/125 MP: 26/31
 24533 | D:13     | Bought a +1 large shield of positive energy for 175 gold
                  | pieces
 24845 | Snake:2  | Found a frozen archway.
 24879 | IceCv    | Entered an ice cave
 26020 | IceCv    | Identified the -3 hat of Arenkarag {*Drain rElec Str+6}
 26502 | Snake:2  | Identified the +0 chain mail "Hyet" {rElec}
 27027 | D:14     | Found a gate to the Vaults.
 27558 | D:15     | Entered Level 15 of the Dungeon
 27575 | D:15     | Reached XP level 17. HP: 118/133 MP: 24/33
 28110 | D:15     | Found a sparkling altar of Nemelex Xobeh.
 28290 | D:15     | Found a staircase to the Depths.
 28739 | D:8      | Lost mutation: Armour fits poorly on your strangely shaped
                  | body. [evolution]
 29035 | Snake:2  | Found a runed translucent gate.
 29036 | Snake:2  | Found a runed translucent gate.
 29036 | Snake:2  | Found a runed translucent gate.
 29037 | Snake:2  | Noticed erker's ghost (journeyman GrFi)
 29038 | Snake:2  | Noticed Uthraraba's ghost (adept OpFE)
 29346 | Snake:3  | Noticed Mara
 29355 | Snake:3  | Noticed dvd's illusion
 29430 | Snake:3  | Noticed dvd's illusion
 29438 | Snake:3  | Killed Mara
 30091 | Snake:3  | Reached skill level 10 in Conjurations
 30091 | Snake:3  | Reached skill level 10 in Hexes
 30091 | Snake:3  | Reached skill level 10 in Summonings
 30091 | Snake:3  | Reached skill level 10 in Necromancy
 30091 | Snake:3  | Reached skill level 10 in Translocations
 30091 | Snake:3  | Reached skill level 10 in Transmutations
 30091 | Snake:3  | Reached skill level 10 in Fire Magic
 30091 | Snake:3  | Reached skill level 10 in Ice Magic
 30091 | Snake:3  | Reached skill level 10 in Air Magic
 30091 | Snake:3  | Reached skill level 10 in Earth Magic
 30091 | Snake:3  | Reached skill level 10 in Poison Magic
 30136 | Snake:3  | Reached XP level 18. HP: 96/141 MP: 20/34
 30181 | Snake:3  | Identified the +4 ring mail of the Dwarven Hall {-Cast
                  | rC+++ Str-5 Slay+4}
 30384 | Snake:4  | Entered Level 4 of the Snake Pit
 30410 | Snake:4  | Noticed Nikola
 30417 | Snake:4  | Killed Nikola
 30866 | Snake:4  | Noticed Vashnia
 30882 | Snake:4  | Killed Vashnia
 31125 | Snake:4  | Learned a level 5 spell: Yara's Violent Unravelling
 31915 | Snake:4  | Got a serpentine rune of Zot
 31971 | Snake:4  | Gained mutation: You have a pair of small horns on your
                  | head. [evolution]
 32500 | Shoals:1 | Entered Level 1 of the Shoals
 32522 | Shoals:1 | Reached XP level 19. HP: 123/149 MP: 36/36
 33114 | Shoals:2 | Noticed Jorgrun
 33122 | Shoals:2 | Killed Jorgrun
 33492 | Shoals:2 | Noticed Ilsuiw
 33515 | Shoals:2 | Killed Ilsuiw
 33600 | Shoals:2 | Noticed Polyphemus
 33612 | Shoals:2 | Killed Polyphemus
 34657 | Shoals:4 | Entered Level 4 of the Shoals
 35082 | Shoals:4 | Got a barnacled rune of Zot
 35375 | Shoals:4 | Noticed Donald
 35399 | Shoals:4 | Killed Donald
 36064 | Elf:1    | Entered Level 1 of the Elven Halls
 36250 | Elf:1    | Noticed Louise
 36271 | Elf:1    | Killed Louise
 36852 | Elf:2    | Reached XP level 20. HP: 157/157 MP: 35/37
 36888 | Elf:2    | Identified the +6 shortbow of the Six Gods {flame, rF+}
 36977 | Elf:2    | Found a runed translucent gate.
 36977 | Elf:2    | Found a runed translucent gate.
 36977 | Elf:2    | Found a runed translucent gate.
 37433 | Elf:2    | Gained mutation: You are robust. (+10% HP) [evolution]
 38023 | Elf:3    | Entered Level 3 of the Elven Halls
 38108 | Elf:3    | Found Usesuog's Jewellery Emporium.
 38108 | Elf:3    | Found Ceruhona's Gadget Boutique.
 38109 | Elf:3    | Found Ezafijom's Jewellery Emporium.
 38119 | Elf:3    | Bought the ring of Hamn {rF+ rC+ rN+} for 691 gold pieces
 38125 | Elf:3    | Bought the ring "Deaduxum" {Fire rPois rN+ Int+4 Dex-2} for
                  | 758 gold pieces
 38605 | Elf:3    | Noticed a Tzitzimitl
 38631 | Elf:3    | Noticed a Brimstone Fiend
 38784 | Elf:3    | Noticed a Tzitzimitl
 38953 | Elf:3    | Identified the +1 leather armour of Fun {rC+ MR++ Int+4}
 38960 | Elf:3    | Identified the +5 hand axe "Mahamat" {distort, rN+}
 38960 | Elf:3    | Identified the +2 robe "Bitol" {-Tele rF++ MR+ Regen+}
 38967 | Elf:3    | Cast into level 2 of the Abyss (a deep elf sorcerer)
 39192 | Abyss:2  | Found a shimmering altar of Xom.
 39247 | Abyss:2  | Reached XP level 21. HP: 181/181 MP: 39/39
 39308 | Abyss:2  | Found an opulent altar of Gozag.
 39574 | Elf:3    | Escaped the Abyss
 39612 | Elf:3    | Identified the +5 long sword "Movadoho" {antimagic, SInv}
 39612 | Elf:3    | Identified the amulet "Hity" {Acrobat *Contam rElec rF+++
                  | Str-3}
 39803 | Elf:3    | Identified the +1 rapier of Voroegupt {venom, +Fly SInv
                  | Stlth+}
 40203 | Elf:3    | Identified the +1 dagger of Akhot {vamp, Dex+4}
 40221 | Elf:3    | Identified the +0 leather armour "Owoffi" {rF+ Dex+5}
 40236 | Elf:3    | Learned a level 5 spell: Irradiate
 40256 | Elf:3    | Identified the Compendium of Displacement
 40712 | Vaults:1 | Entered Level 1 of the Vaults
 41329 | Vaults:1 | Reached skill level 15 in Invocations
 42389 | Vaults:2 | Reached XP level 22. HP: 156/190 MP: 33/40
 43303 | Vaults:3 | Reached skill level 15 in Spellcasting
 43585 | Vaults:3 | Reached skill level 15 in Fighting
 43585 | Vaults:3 | Reached skill level 15 in Axes
 43585 | Vaults:3 | Reached skill level 15 in Dodging
 43611 | Vaults:3 | Found a staircase to the Crypt.
 44847 | Vaults:4 | Learned a level 6 spell: Death Channel
 45117 | Vaults:4 | Gained mutation: You expend magic power (3 MP) to
                  | strengthen your wands. [evolution]
 45260 | Vaults:4 | Reached XP level 23. HP: 189/199 MP: 31/42
 45628 | Vaults:4 | Found the macabre finger necklace {rN+}
 45729 | Vaults:5 | Entered Level 5 of the Vaults
 45745 | Vaults:5 | Reached skill level 15 in Armour
 46143 | Vaults:4 | Reached skill level 15 in Short Blades
 46143 | Vaults:4 | Reached skill level 15 in Long Blades
 46143 | Vaults:4 | Reached skill level 15 in Maces & Flails
 46143 | Vaults:4 | Reached skill level 15 in Polearms
 46143 | Vaults:4 | Reached skill level 15 in Staves
 46143 | Vaults:4 | Reached skill level 15 in Slings
 46143 | Vaults:4 | Reached skill level 15 in Bows
 46143 | Vaults:4 | Reached skill level 15 in Crossbows
 46143 | Vaults:4 | Reached skill level 15 in Throwing
 46143 | Vaults:4 | Reached skill level 15 in Stealth
 46143 | Vaults:4 | Reached skill level 15 in Shields
 46143 | Vaults:4 | Reached skill level 15 in Unarmed Combat
 46143 | Vaults:4 | Reached skill level 15 in Evocations
 46412 | Vaults:5 | Identified the +6 shortbow "Zipuegin" {velocity, rPois}
 46457 | Vaults:5 | Noticed a golden dragon
 46497 | Vaults:5 | Killed a golden dragon
 46497 | Vaults:5 | Reached XP level 24. HP: 148/209 MP: 8/42
 46698 | Vaults:5 | Identified the +2 robe of Etass {*Slow rF++ Regen+ Slay+2}
 46699 | Vaults:5 | Identified the +3 mace "Wayv" {drain, rC+ MR+}
 46705 | Vaults:5 | Got a silver rune of Zot
 46775 | Vaults:5 | Identified the Catalogue of Snow and Attacks
 47018 | Vaults:5 | Found the brooch of Shielding {Reflect SH+8}
 47018 | Vaults:5 | Identified the +9 rapier of the Cup {vamp, Dex+3}
 47135 | Vaults:5 | Identified the cursed +0 spear "Loul" {flame, Dex+2}
 47135 | Vaults:5 | Identified the Tome of Creation
 47140 | Vaults:5 | Identified the +7 flail of Deflation {elec, Dex+3}
 47271 | Vaults:5 | Identified the +5 ring mail of Freedom {rPois rCorr}
 47405 | Vaults:5 | Identified the +2 quarterstaff of Armageddon {flame, +Fly
                  | rElec rF+}
 47476 | Vaults:5 | Identified the +4 chain mail of Koibe {rN+}
 47476 | Vaults:5 | Found the +8 frozen axe "Frostbite" {freezing cloud, *Noise
                  | +Fly rC+}
 48415 | Snake:2  | Killed Uthraraba's ghost
 48428 | Snake:2  | Killed erker's ghost
 48881 | Crypt:1  | Entered Level 1 of the Crypt
 49917 | Crypt:2  | Noticed Saint Roka
 49934 | Crypt:2  | Killed Saint Roka
 50236 | Crypt:2  | Noticed Frederick
 50249 | Crypt:2  | Killed Frederick
 50343 | Crypt:2  | Noticed Khufu
 50350 | Crypt:2  | Noticed a greater mummy
 50362 | Crypt:2  | Killed Khufu
 50368 | Crypt:2  | Killed a greater mummy
 50379 | Crypt:2  | Learned a level 6 spell: Simulacrum
 50768 | Crypt:3  | Entered Level 3 of the Crypt
 51100 | Crypt:3  | Reached XP level 25. HP: 216/216 MP: 34/43
 51440 | Crypt:3  | Found a staircase to the Tomb.
 51554 | Crypt:3  | Noticed a greater mummy
 51570 | Crypt:3  | Killed a greater mummy
 51657 | Crypt:3  | Found a basalt altar of Yredelemnul.
 51662 | Crypt:3  | Found an ancient bone altar of Kikubaaqudgha.
 51752 | Crypt:3  | Identified the cursed +7 great mace of Quantum Leap {speed,
                  | Str+2} (You acquired it on level 3 of the Crypt)
 51771 | Crypt:3  | Learned a level 7 spell: Orb of Destruction
 52343 | Depths:1 | Entered Level 1 of the Depths
 52376 | Depths:1 | Found Uthessin's Antique Weapon Shoppe.
 52388 | Depths:1 | Found a gateway to Hell.
 52390 | Depths:1 | Bought the +8 trident of the Octopus King {venom, rElec
                  | rPois MR+} for 2992 gold pieces
 52390 | Depths:1 | Found the +8 trident of the Octopus King {venom, rElec
                  | rPois MR+}
 52508 | Depths:1 | Upgraded the game from 0.23.0-33-g5e6c059 to 0.23.1
 52929 | Depths:1 | Found Qatzischi's Antique Armour Shop.
 52960 | Depths:1 | Identified the +7 faerie dragon scales {rCorr MP+9 Str+3
                  | Int+4}
 52960 | Depths:1 | Noticed the Enchantress
 53026 | Depths:1 | Killed the Enchantress
 53542 | Depths:1 | Found Guva's Gadget Shop.
 53615 | Depths:1 | Bought the +2 hat of the Bear Spirit {Spirit, +Rage rN+
                  | MR++} for 1212 gold pieces
 53615 | Depths:1 | Found the +2 hat of the Bear Spirit {Spirit, +Rage rN+
                  | MR++}
 53824 | Depths:1 | Found Ybleqeka's Book Shop.
 53935 | Depths:1 | Gained mutation: You are very robust. (+20% HP) [evolution]
 54141 | Depths:2 | Identified the +2 war axe of Grandeur {chop, Int+4}
 54230 | Depths:2 | Noticed a juggernaut
 54267 | Depths:2 | Killed a juggernaut
 54306 | Depths:2 | Found a gateway to a ziggurat.
 54682 | Depths:2 | Found an iron altar of Okawaru.
 54804 | Depths:2 | Found an ancient bone altar of Kikubaaqudgha.
 54927 | Depths:2 | Identified the amulet of Midwinter {Harm *Drain rElec Str-2
                  | Int+2}
 54927 | Depths:2 | Identified the Compendium of Translocation and Unholy
                  | Rituals
 54928 | Depths:2 | Identified the ring "Jiexelaz" {rCorr +Inv Str+3 Int-4
                  | Dex+2}
 55581 | Depths:3 | Reached XP level 26. HP: 219/248 MP: 25/43
 55596 | Depths:3 | Found an iron altar of Okawaru.
 55625 | Depths:3 | Found a one-way gate leading to the halls of Pandemonium.
 55691 | Depths:3 | Found a burning altar of Makhleb.
 55775 | Depths:3 | Reached skill level 15 in Charms
 55886 | Depths:3 | Identified the ring "Wioshris" {Wiz rN+ Str+2}
 55888 | Depths:3 | Found a hazy altar of Hepliaklqana.
 55937 | Depths:3 | Learned a level 8 spell: Ignition
 56051 | Depths:3 | Identified the +1 robe of the Butterfly {rCorr Str-2 Dex+8
                  | Stlth+}
 56114 | Depths:3 | Found a snail-covered altar of Cheibriados.
 56207 | Depths:3 | Noticed a juggernaut
 56217 | Depths:3 | Identified the +5 longbow "Taxky" {freeze, Str+3 Int-2}
 56223 | Depths:3 | Killed a juggernaut
 56365 | Depths:3 | Noticed a juggernaut
 56377 | Depths:3 | Killed a juggernaut
 56706 | Depths:1 | Bought a pair of encrusted boots for 294 gold pieces
 56706 | Depths:1 | Identified the +2 pair of boots of the Shoals {*Contam
                  | rElec Regen+ Dex+8} (You bought it in a shop on level 1 of
                  | the Depths)
 56708 | Depths:1 | Identified the cursed ring "Goj Vaz" {rF+ MR+ EV+3 Dex+4}
                  | (You acquired it on level 1 of the Depths)
 57036 | Depths:4 | Found a one-way gate to the infinite horrors of the Abyss.
 57462 | Depths:4 | Identified the ring of the Raven {+Blink Str+4 Stlth+}
 57783 | Depths:4 | Reached XP level 27. HP: 258/258 MP: 44/44
 57799 | Depths:4 | Identified Aleadd's Disquisition on Cankerous Summoning
 57920 | Depths:5 | Entered Level 5 of the Depths
 59186 | Depths:5 | Found a gate to the Realm of Zot.
 59207 | Depths:5 | Identified the ring of Zin's Generosity {*Corrode rElec
                  | rPois Int-3 Dex+3}
 59223 | Depths:5 | Identified Bomet's Guide on Earthen Lightness
 59836 | Slime:1  | Entered Level 1 of the Pits of Slime
 60031 | Slime:2  | Gained mutation: Your body sometimes deteriorates upon
                  | taking damage. [a shining eye]
 60204 | Slime:5  | Entered Level 5 of the Pits of Slime
 60226 | Slime:5  | Reached skill level 15 in Conjurations
 60226 | Slime:5  | Reached skill level 15 in Hexes
 60226 | Slime:5  | Reached skill level 15 in Summonings
 60226 | Slime:5  | Reached skill level 15 in Necromancy
 60226 | Slime:5  | Reached skill level 15 in Translocations
 60226 | Slime:5  | Reached skill level 15 in Transmutations
 60226 | Slime:5  | Reached skill level 15 in Fire Magic
 60226 | Slime:5  | Reached skill level 15 in Ice Magic
 60226 | Slime:5  | Reached skill level 15 in Air Magic
 60226 | Slime:5  | Reached skill level 15 in Earth Magic
 60226 | Slime:5  | Reached skill level 15 in Poison Magic
 60317 | Slime:5  | Found a viscous altar of Jiyva.
 60319 | Slime:5  | Identified the cursed +0 pair of gloves of Qoteci {MR+
                  | Str+2 Dex+4 SInv}
 60356 | Slime:5  | Noticed the Royal Jelly
 60365 | Slime:5  | Killed the Royal Jelly
 60385 | Slime:5  | Identified the cursed +3 fustibalus "Faoce" {venom, rF+}
 60385 | Slime:5  | Found the +3 crown of Dyrovepreva {rElec Int+2 SInv}
 60394 | Slime:5  | Got a slimy rune of Zot
 60636 | Slime:1  | Gained mutation: Your mind is very acute. (Int +4)
                  | [evolution]
 60727 | Lair:5   | Learned a level 6 spell: Ozocubu's Refrigeration
 61132 | Hell     | Entered the Vestibule of Hell
 61132 | Hell     | Noticed Geryon
 61424 | Hell     | Killed Geryon
 61650 | Hell     | Found a gateway to the freezing wastes of Cocytus.
 61797 | Hell     | Found a gateway to the decaying netherworld of Tartarus.
 61954 | Hell     | Found a gateway to the Iron City of Dis.
 62014 | Hell     | Found a gateway to the ashen valley of Gehenna.
 62443 | Orc:2    | Bought a book of Spatial Translocations for 845 gold pieces
 62446 | Orc:2    | Learned a level 2 spell: Blink
 62789 | Depths:4 | Voluntarily entered the Abyss.
 62789 | Abyss:1  | Identified the +0 robe of Kuur {rC+ rN++ Dex+3 Stlth-}
 62935 | Abyss:3  | Found a corrupted altar of Lugonu.
 63077 | Abyss:3  | Found a corrupted altar of Lugonu.
 63117 | Abyss:5  | Entered Level 5 of the Abyss
 63117 | Abyss:5  | Entered Level 5 of the Abyss
 63118 | Abyss:5  | Found a corrupted altar of Lugonu.
 63171 | Abyss:5  | Paralysed by accursed screaming for 1 turns
 63175 | Abyss:5  | Paralysed by accursed screaming for 2 turns
 63335 | Abyss:5  | Identified the +5 dire flail of Instant Death {crush, rElec
                  | Str-4 Stlth+}
 63557 | Abyss:5  | Paralysed by accursed screaming for 2 turns
 63563 | Abyss:5  | Paralysed by accursed screaming for 2 turns
 63568 | Abyss:5  | Paralysed by accursed screaming for 2 turns
 63593 | Abyss:5  | Found a corrupted altar of Lugonu.
 63698 | Depths:4 | Escaped the Abyss
 63922 | Depths:4 | Voluntarily entered the Abyss.
 63944 | Abyss:1  | Paralysed by accursed screaming for 1 turns
 63967 | Abyss:1  | Learned a level 1 spell: Apportation
 64558 | Abyss:3  | Found a roughly hewn altar of Beogh.
 64677 | Abyss:4  | Found a transporter.
 64677 | Abyss:4  | Found a corrupted altar of Lugonu.
 64724 | Abyss:4  | Found a corrupted altar of Lugonu.
 64780 | Abyss:4  | Identified the amulet of the Imp {Faith rElec rN++ Slay-4}
 64780 | Abyss:4  | Found a transporter.
 64782 | Abyss:4  | Identified the +1 morningstar "Fonnuez" {flame, Fragile
                  | rPois Dex-3 SInv}
 64783 | Abyss:4  | Found a corrupted altar of Lugonu.
 64873 | Abyss:4  | Found a transporter.
 65043 | Abyss:4  | Found a corrupted altar of Lugonu.
 65051 | Abyss:4  | Got an abyssal rune of Zot
 65336 | Depths:4 | Escaped the Abyss
 65500 | Dis:1    | Entered Level 1 of the Iron City of Dis
 65866 | Depths:1 | Learned a level 5 spell: Aura of Abjuration
 66788 | Dis:4    | Lost mutation: Your mind is very acute. (Int +4) [a
                  | cacodemon]
 66930 | Dis:7    | Entered Level 7 of the Iron City of Dis
 67066 | Dis:7    | Lost mutation: You expend magic power (3 MP) to strengthen
                  | your wands. [evolution]
 69436 | Dis:7    | Identified the +4 staff of Dispater
 69436 | Dis:7    | Noticed Dispater
 69480 | Dis:7    | Killed Dispater
 69484 | Dis:7    | Identified the +6 battleaxe of Raupp {speed, Stlth+}
 69505 | Dis:7    | Identified the ring "Ytethuar" {*Drain Str+7 Dex+3 Stlth+}
 69506 | Dis:7    | Got an iron rune of Zot
 69540 | Dis:7    | Gained mutation: Scrolls take you a little longer to read.
                  | [a cacodemon]
 69542 | Dis:7    | Gained mutation: Scrolls take you longer to read. [a
                  | cacodemon]
 69720 | Tar:1    | Entered Level 1 of Tartarus
 70097 | Tar:7    | Entered Level 7 of Tartarus
 72008 | Tar:7    | Identified the ring of the Secret Songs {rElec rPois MP+9
                  | Dex-3}
 72145 | Tar:7    | Noticed the Serpent of Hell
 72228 | Tar:7    | Killed the Serpent of Hell
 72242 | Tar:7    | Noticed Ereshkigal
 72284 | Tar:7    | Killed Ereshkigal
 72326 | Tar:7    | Identified the ring "Pegiqaw" {rPois rN+ Int+2 SInv}
 72333 | Tar:7    | Identified the +7 plate armour of the Kangaroo {*Contam
                  | rC+++ Int+8 Dex-5}
 72344 | Tar:7    | Identified the +5 scale mail of Beogh's Condemnation {MR++
                  | Dex+2}
 72353 | Tar:7    | Got a bone rune of Zot
 72355 | Tar:7    | Identified Advanced Hermeneutics
 72754 | Tar:7    | Identified the cursed -6 cloak of Geykka {rCorr}
 73385 | Pan      | Entered the realm of Cerebov.
 73385 | Pan      | Entered Pandemonium
 74525 | Pan      | Learned a level 7 spell: Dragon Form
 74539 | Pan      | Identified the +6 sword of Cerebov {flame}
 74539 | Pan      | Noticed Cerebov
 74592 | Pan      | Killed Cerebov
 74665 | Pan      | Identified the +9 trident of Eternal War {flame, rF- Int+4}
 74726 | Pan      | Identified the +4 flail "Wocymmyk" {holy, MP+9 Dex+4}
 74798 | Pan      | Identified the cursed +1 mace of Vengeance {crush, *Corrode
                  | +Blink rPois Stlth+}
 74840 | Pan      | Got a fiery rune of Zot
 75007 | Pan      | Noticed Ukhaqomi the pandemonium lord
 75030 | Pan      | Killed Ukhaqomi the pandemonium lord
 75607 | Pan      | Gained mutation: You tend to lose your temper in combat. [a
                  | cacodemon]
 75947 | Pan      | Noticed Huhujeim the pandemonium lord
 75949 | Pan      | Got a demonic rune of Zot
 75950 | Pan      | Killed Huhujeim the pandemonium lord
 76352 | Pan      | Noticed Xubrif the pandemonium lord
 76372 | Pan      | Cast into level 3 of the Abyss (Xubrif)
 76381 | Abyss:3  | Found a corrupted altar of Lugonu.
 76500 | Abyss:3  | Found a corrupted altar of Lugonu.
 76554 | Pan      | Escaped the Abyss
 76611 | Pan      | Killed Xubrif the pandemonium lord
 76770 | Pan      | Entered the realm of Gloorx Vloq.
 77057 | Pan      | Found an exit through the horrors of the Abyss.
 77276 | Pan      | Lost mutation: Your body sometimes deteriorates upon taking
                  | damage. [evolution]
 77683 | Pan      | Noticed Gloorx Vloq
 77710 | Pan      | Killed Gloorx Vloq
 77813 | Pan      | Got a dark rune of Zot
 78038 | Pan      | Entered the realm of Lom Lobon.
 78150 | Pan      | Found an exit through the horrors of the Abyss.
 78914 | Pan      | Noticed Lom Lobon
 78920 | Pan      | Got a magical rune of Zot
 79406 | Pan      | Lost mutation: Your muscles are strong. (Str +2) [a
                  | neqoxec]
 79416 | Pan      | Gained mutation: You often lose your temper in combat. [a
                  | neqoxec]
 79524 | Pan      | Noticed Ignacio
 79532 | Pan      | Found an exit through the horrors of the Abyss.
 79557 | Pan      | Killed Ignacio
 79585 | Pan      | Noticed Lom Lobon
 79624 | Pan      | Killed Lom Lobon
 79787 | Pan      | Entered the realm of Mnoleg.
 79843 | Pan      | Gained mutation: You are occasionally teleported next to
                  | monsters. [a cacodemon]
 79844 | Pan      | Gained mutation: You are clumsy. (Dex -2) [a cacodemon]
 79846 | Pan      | Lost mutation: You are occasionally teleported next to
                  | monsters. [a cacodemon]
 80098 | Pan      | Gained mutation: Your spells are a little easier to cast,
                  | but a little less powerful. [a cacodemon]
 80144 | Pan      | Gained mutation: Your magical capacity is low. (-10% MP) [a
                  | neqoxec]
 80178 | Pan      | Gained mutation: Your body sometimes deteriorates upon
                  | taking damage. [a neqoxec]
 80187 | Pan      | Gained mutation: Armour fits poorly on your strangely
                  | shaped body. [a neqoxec]
 80191 | Pan      | Noticed Mnoleg
 80198 | Pan      | Gained mutation: Your magical capacity is very low. (-20%
                  | MP) [Mnoleg's mutagenic touch]
 80217 | Pan      | Killed Mnoleg
 80228 | Pan      | Lost mutation: You have a pair of small horns on your head.
                  | [potion of mutation]
 80228 | Pan      | Lost mutation: You often lose your temper in combat.
                  | [potion of mutation]
 80228 | Pan      | Gained mutation: You have a pair of small horns on your
                  | head. [potion of mutation]
 80229 | Pan      | Lost mutation: Scrolls take you longer to read. [potion of
                  | mutation]
 80229 | Pan      | Lost mutation: Your magical capacity is very low. (-20% MP)
                  | [potion of mutation]
 80229 | Pan      | Gained mutation: Your natural rate of healing is unusually
                  | fast. [potion of mutation]
 80250 | Pan      | Got a glowing rune of Zot
 80509 | Depths:3 | Escaped Pandemonium
 80564 | Coc:1    | Entered Level 1 of Cocytus
 81119 | Coc:7    | Entered Level 7 of Cocytus
 81364 | Hell     | Lost mutation: Armour fits poorly on your strangely shaped
                  | body. [potion of mutation]
 81364 | Hell     | Lost mutation: Your body sometimes deteriorates upon taking
                  | damage. [potion of mutation]
 81364 | Hell     | Lost mutation: Your mind is acute. (Int +2) [potion of
                  | mutation]
 81364 | Hell     | Gained mutation: You expend magic power (3 MP) to
                  | strengthen your wands. [potion of mutation]
 82593 | Coc:7    | Noticed Antaeus
 82674 | Coc:7    | Killed Antaeus
 82688 | Coc:7    | Got an icy rune of Zot
 82892 | Geh:1    | Entered Level 1 of Gehenna
 83070 | Geh:2    | Learned a level 9 spell: Tornado
 83956 | Geh:7    | Entered Level 7 of Gehenna
 84654 | Geh:7    | Identified the amulet "Taufe" {+Blink +Rage}
 84949 | Geh:7    | Identified the +7 sceptre of Asmodeus
 84949 | Geh:7    | Noticed Asmodeus
 84991 | Geh:7    | Killed Asmodeus
 84996 | Geh:7    | Identified the Grimoire of Fiery Intoxication
 84999 | Geh:7    | Got an obsidian rune of Zot
 85350 | Zot:1    | Entered Level 1 of the Realm of Zot
 86038 | Zot:4    | Identified the cursed -2 pair of gloves of Prudence {Str+5}
 86303 | Zot:4    | Noticed an orb of fire
 86321 | Zot:4    | Gained mutation: Armour fits poorly on your strangely
                  | shaped body. [an orb of fire]
 86544 | Zot:4    | Killed an orb of fire
 86623 | Zot:5    | Entered Level 5 of the Realm of Zot
 86749 | Zot:5    | Noticed an orb of fire
 86761 | Zot:5    | Killed an orb of fire
 86775 | Zot:5    | Noticed an orb of fire
 86781 | Zot:5    | Killed an orb of fire
 86786 | Zot:5    | Noticed an orb of fire
 86789 | Zot:5    | Gained mutation: Your body sometimes deteriorates upon
                  | taking damage. [an orb of fire]
 86792 | Zot:5    | Gained mutation: Your body often deteriorates upon taking
                  | damage. [an orb of fire]
 86830 | Zot:5    | Gained mutation: Scrolls take you longer to read. [an orb
                  | of fire]
 86842 | Zot:5    | Killed an orb of fire
 86877 | Zot:5    | Noticed an ancient lich
 86878 | Zot:5    | Noticed an ancient lich
 86893 | Zot:5    | Killed an ancient lich
 86904 | Zot:5    | Killed an ancient lich
 86908 | Zot:5    | Noticed an ancient lich
 86918 | Zot:5    | Killed an ancient lich
 86936 | Zot:5    | Noticed an ancient lich
 86958 | Zot:5    | Killed an ancient lich
 87067 | Zot:5    | Noticed an ancient lich
 87086 | Zot:5    | Killed an ancient lich
 87100 | Zot:5    | Noticed an orb of fire
 87100 | Zot:5    | Noticed an ancient lich
 87105 | Zot:5    | Noticed an ancient lich
 87110 | Zot:5    | Gained mutation: Scrolls take you much longer to read. [an
                  | orb of fire]
 87114 | Zot:5    | Killed an ancient lich
 87115 | Zot:5    | Killed an ancient lich
 87117 | Zot:5    | Gained mutation: You are occasionally teleported next to
                  | monsters. [an orb of fire]
 87120 | Zot:5    | Killed an orb of fire
 87128 | Zot:5    | Noticed an ancient lich
 87161 | Zot:5    | Killed an ancient lich
 87282 | Zot:5    | Got the Orb of Zot
 87288 | Zot:5    | Noticed Bixkinou the pandemonium lord
 87303 | Zot:5    | Killed Bixkinou the pandemonium lord
 87457 | Zot:4    | Noticed Nirojida the pandemonium lord
 87481 | Zot:4    | Killed Nirojida the pandemonium lord
 87572 | Zot:3    | Noticed Usoufrerph the pandemonium lord
 87679 | Zot:2    | Noticed an orb of fire
 87683 | Zot:2    | Noticed Xumiora the pandemonium lord
 87694 | Zot:1    | Noticed an orb of fire
 87707 | Zot:1    | Killed an orb of fire
 87730 | Zot:1    | Killed Xumiora the pandemonium lord
 87791 | Zot:1    | Noticed Ciena the pandemonium lord
 87813 | Zot:1    | Killed Ciena the pandemonium lord
 87901 | Zot:1    | Noticed Ytwaheso the pandemonium lord
 87914 | Zot:1    | Killed Ytwaheso the pandemonium lord
 87990 | Depths:5 | Noticed a seraph
 88001 | Depths:5 | Killed a seraph
 88056 | Depths:4 | Noticed a seraph
 88097 | Depths:2 | Noticed Fapaq the pandemonium lord
 88107 | Depths:2 | Noticed Uteheuta the pandemonium lord
 88183 | Depths:1 | Noticed Pyihic the pandemonium lord
 88188 | Depths:1 | Noticed Saisch the pandemonium lord
 88209 | Depths:1 | Killed Saisch the pandemonium lord
 88259 | D:15     | Killed Pyihic the pandemonium lord
 88423 | D:11     | Noticed Waawamm the pandemonium lord
 88456 | D:10     | Noticed Faqybb the pandemonium lord
 88456 | D:10     | Noticed an ancient lich
 88755 | D:$      | Escaped with the Orb!

Skill      XL: |  1  2  3  4  5  6  7  8  9 10 11 12 13 14 15 16 17 18 19 20 21 22 23 24 25 26 27 |
---------------+----------------------------------------------------------------------------------+-----
Spellcasting   | 5 6 7 8 9 10 11 12 13 14 15 16 17 23 | 23.4
Invocations    | 1 2 3 4 5 6 7 8 9 10 11 12 13 14 15 16 17 18 24 | 24.7
Short Blades   | 1 2 3 4 5 6 7 8 9 10 11 12 13 14 15 16 23 | 23.1
Long Blades    | 1 2 3 4 5 6 7 8 9 10 11 12 13 14 15 16 26 | 26.3
Maces & Flails | 1 2 3 4 5 6 7 8 9 10 11 12 13 14 15 16 23 | 23.1
Polearms       | 1 2 3 4 5 6 7 8 9 10 11 12 13 14 15 16 25 | 25.6
Staves         | 1 2 3 4 5 6 7 8 9 10 11 12 13 14 15 16 23 | 23.1
Slings         | 1 2 3 4 5 6 7 8 9 10 11 12 13 14 15 16 23 | 23.1
Bows           | 1 2 3 4 5 6 7 8 9 10 11 12 13 14 15 16 23 | 23.1
Crossbows      | 1 2 3 4 5 6 7 8 9 10 11 12 13 14 15 16 23 | 23.1
Throwing       | 1 2 3 4 5 6 7 8 9 10 11 12 13 14 15 16 26 | 26.3
Stealth        | 1 2 3 4 5 6 7 8 9 10 11 12 13 14 15 16 23 | 23.1
Shields        | 1 2 3 4 5 6 7 8 9 10 11 12 13 14 15 16 23 | 23.1
Unarmed Combat | 1 2 3 4 5 6 7 8 9 10 11 12 13 14 15 16 23 | 23.1
Evocations     | 1 2 3 4 5 6 7 8 9 10 11 12 13 14 15 16 23 | 23.1
Conjurations   | 1 2 3 4 5 6 7 8 9 10 11 12 13 14 20 | 20.1
Hexes          | 1 2 3 4 5 6 7 8 9 10 11 12 13 14 20 | 20.1
Summonings     | 1 2 3 4 5 6 7 8 9 10 11 12 13 14 20 | 20.1
Necromancy     | 1 2 3 4 5 6 7 8 9 10 11 12 13 14 20 | 20.1
Translocations | 1 2 3 4 5 6 7 8 9 10 11 12 13 14 20 | 20.1
Transmutations | 1 2 3 4 5 6 7 8 9 10 11 12 13 14 20 | 20.1
Fire Magic     | 1 2 3 4 5 6 7 8 9 10 11 12 13 14 20 | 20.1
Ice Magic      | 1 2 3 4 5 6 7 8 9 10 11 12 13 14 20 | 20.1
Air Magic      | 1 2 3 4 5 6 7 8 9 10 11 12 13 14 20 | 20.1
Earth Magic    | 1 2 3 4 5 6 7 8 9 10 11 12 13 14 20 | 20.1
Poison Magic   | 1 2 3 4 5 6 7 8 9 10 11 12 13 14 20 | 20.1
Armour         | 3 4 5 6 7 8 9 10 11 12 13 14 15 16 17 23 | 23.2
Fighting       | 5 6 7 8 9 10 11 12 13 14 15 16 17 23 | 23.4
Axes           | 5 6 7 8 9 10 11 12 13 14 15 16 17 23 | 23.4
Dodging        | 5 6 7 8 9 10 11 12 13 14 15 16 17 23 | 23.4
Charms         | 6 7 8 9 10 11 12 13 14 15 24 | 24.0

Action                   |  1- 3 |  4- 6 |  7- 9 | 10-12 | 13-15 | 16-18 | 19-21 | 22-24 | 25-27 || total
-------------------------+-------+-------+-------+-------+-------+-------+-------+-------+-------++-------
Melee: Hand axe          |   114 |   281 |   122 |       |       |       |       |       |       ||   517
       Bite              |    13 |    40 |    50 |    91 |   203 |   192 |   227 |   273 |  2418 ||  3507
       Flail             |       |       |   157 |       |       |       |       |       |       ||   157
       War axe           |       |       |    59 |       |       |       |       |       |       ||    59
       Mace              |       |       |    28 |    86 |       |       |       |       |       ||   114
       Scimitar          |       |       |       |   402 |  1280 |  1005 |  1214 |  1144 |   197 ||  5242
       Headbutt          |       |       |       |       |       |    12 |   384 |   432 |  4087 ||  4915
       Trident           |       |       |       |       |       |       |       |       |  8812 ||  8812
       Unarmed           |       |       |       |       |       |       |       |       |     5 ||     5
       Punch             |       |       |       |       |       |       |       |       |     2 ||     2
       Tailslap          |       |       |       |       |       |       |       |       |     1 ||     1
Throw: Javelin           |     5 |     1 |     6 |     1 |    50 |    60 |    40 |    30 |   186 ||   379
 Cast: Infusion          |     2 |       |       |       |       |       |       |       |       ||     2
       Song of Slaying   |     1 |    11 |    12 |    14 |    38 |    31 |    39 |    36 |    36 ||   218
       Shroud of Golubri |     3 |    10 |    20 |    29 |    31 |    42 |    38 |    45 |    59 ||   277
       Regeneration      |       |     9 |    31 |    32 |    50 |    77 |    63 |    57 |   295 ||   614
       Spectral Weapon   |       |       |    26 |    40 |    78 |    48 |    26 |    11 |     6 ||   235
       Throw Flame       |       |       |       |     2 |       |     2 |    61 |       |     2 ||    67
       Animate Dead      |       |       |       |       |    66 |    61 |    76 |    50 |   107 ||   360
       Recall            |       |       |       |       |     6 |    11 |    19 |     9 |    16 ||    61
       Yara's Violent Un |       |       |       |       |       |     2 |     4 |     4 |    37 ||    47
       Irradiate         |       |       |       |       |       |       |       |    23 |   169 ||   192
       Death Channel     |       |       |       |       |       |       |       |    16 |    66 ||    82
       Simulacrum        |       |       |       |       |       |       |       |       |     3 ||     3
       Orb of Destructio |       |       |       |       |       |       |       |       |    56 ||    56
       Ignition          |       |       |       |       |       |       |       |       |   305 ||   305
       Aura of Abjuratio |       |       |       |       |       |       |       |       |    65 ||    65
       Apportation       |       |       |       |       |       |       |       |       |    51 ||    51
       Ozocubu's Refrige |       |       |       |       |       |       |       |       |    50 ||    50
       Blink             |       |       |       |       |       |       |       |       |    50 ||    50
       Tornado           |       |       |       |       |       |       |       |       |     9 ||     9
       Dragon Form       |       |       |       |       |       |       |       |       |     2 ||     2
Invok: Curse Item        |       |       |     2 |     3 |     2 |     1 |     4 |     1 |     5 ||    18
 Abil: End Transformatio |       |       |       |       |       |       |       |       |     2 ||     2
       Breathe Fire      |       |       |       |       |       |       |       |       |     1 ||     1
Evoke: Wand              |       |       |     5 |    18 |     8 |    24 |    26 |     1 |    43 ||   125
       Lamp of fire      |       |       |       |       |     1 |       |     1 |       |       ||     2
       Crystal ball of e |       |       |       |       |       |       |       |     4 |   455 ||   459
  Use: Scroll            |     2 |     4 |     4 |     5 |     8 |    10 |     8 |     8 |    43 ||    92
       Potion            |       |     3 |     9 |     2 |     6 |     4 |     3 |       |    57 ||    84
 Stab: Sleeping          |     3 |       |     2 |     7 |    27 |    23 |    15 |    21 |    63 ||   161
       Distracted        |       |       |     1 |     6 |    16 |    22 |     8 |    28 |   178 ||   259
       Petrified         |       |       |       |       |     2 |       |       |       |       ||     2
       Paralysed         |       |       |       |       |     1 |     4 |     1 |       |       ||     6
       Confused          |       |       |       |       |       |     1 |       |       |       ||     1
       Invisible         |       |       |       |       |       |       |       |       |     2 ||     2
  Eat: Chunk             |     3 |     4 |    16 |    16 |    41 |    18 |    26 |    16 |    83 ||   223
       Ration            |       |     1 |     1 |     1 |     1 |     5 |     4 |     6 |    56 ||    75
Armor: Leather armour    |    31 |       |       |       |       |       |       |       |       ||    31
       Ring mail         |     6 |    77 |   134 |   156 |   195 |       |       |       |       ||   568
       Scale mail        |       |       |       |       |    25 |   243 |   217 |   206 |   113 ||   804
       Acid dragon scale |       |       |       |       |       |       |       |       |   615 ||   615
Dodge: Dodged            |   100 |   183 |   310 |   342 |   522 |   353 |   410 |   448 |  3457 ||  6125
Block: Shield            |    15 |       |       |    74 |   821 |    41 |       |       |       ||   951
       Buckler           |       |    41 |   110 |   105 |       |       |       |       |       ||   256
       Reflection        |       |       |       |       |    16 |   132 |   120 |    68 |   196 ||   532
       Large shield      |       |       |       |       |       |  1209 |  1430 |  1435 | 12323 || 16397
       Other             |       |       |       |       |       |       |       |       |     1 ||     1
       Rpst.: Scimitar   |       |       |       |    92 |   140 |    44 |    70 |    76 |    17 ||   439
